 Dungeon Crawl Stone Soup version 0.30.0-29-ga12c61a403 (webtiles) character file.

Game seed: 1152003851440350902

515 qw the Chopper (level 7, -3/44 HPs)
             Began as a Gargoyle Fighter on June 4, 2023.
             Slain by Edmund
             ... wielding a +4 flail of draining
              (6 damage)
             ... on level 4 of the Dungeon.
             The game lasted 00:01:37 (2952 turns).

qw the Chopper (Gargoyle Fighter)                   Turns: 2952, Time: 00:01:38

Health: -3/44      AC: 11    Str: 22    XL:     7   Next: 20%
Magic:  7/7        EV: 10    Int:  8    God:
Gold:   101        SH:  4    Dex:  9    Spells: 6/6 levels left

rFire   . . .        Y - +0 war axe
rCold   + . .        c - +0 buckler
rNeg    + . .        b - +0 scale mail
rPois   inf          (no helmet)
rElec   +            (no cloak)
rCorr   .            (no gloves)
SInv    .            (no boots)
Will    .....        n - amulet of the acrobat Stlth
                     i - ring of protection from cold
HPRegen 0.27/turn    (no ring)
MPRegen 0.10/turn

%: acrobat
@: no status effects
A: sickness immunity, AC +4, negative energy resistance 1, electricity
resistance, torment resistance 1, petrification resistance
a: no special abilities


You were on level 4 of the Dungeon.
You visited 1 branch of the dungeon, and saw 4 of its levels.

You collected 101 gold pieces.


Innate Abilities, Weirdness & Mutations

You are immune to sickness and miasma.
Your stone body is resilient. (AC +4)
You are immune to poison.
You resist negative energy. (rN+)
You are resistant to electric shocks. (rElec)
You are resistant to unholy torment.
You are immune to petrification.


   Skills:
 - Level 4.5 Fighting
 + Level 6.0 Axes
 - Level 3.2 Armour
 - Level 1.6 Dodging
 - Level 3.2 Shields


You had 6 spell levels left.
You didn't know any spells.
Your spell library was empty.

Inventory:

Hand Weapons
 o - a +0 whip
 Y - a +0 war axe (weapon)
Armour
 a - a +3 chain mail
 b - a +0 scale mail (worn)
 c - a +0 buckler (worn)
Jewellery
 i - a ring of protection from cold (left hand)
 n - an amulet of the acrobat (around neck)
Scrolls
 h - a scroll of identify
Potions
 d - 3 potions of might
 e - a potion of lignification {unknown}
 f - 2 potions of haste
 g - a potion of ambrosia {unknown}
 m - a potion of degeneration {unknown}

Dungeon Overview and Level Annotations

Branches:
Dungeon (4/15)
 Temple: D:4-7

Altars:

Annotations:
D:2 1 runed translucent door, Crazy Yiuf
D:4 Dowan, Duvessa, Edmund


Message History

Enter note:
Enter note:
Enter note:
Enter note: You slash the giant cockroach!
You kill the giant cockroach!
Edmund says, "People will remember me!
They'll remember me and die!"
You barely miss Edmund. You block Edmund's attack.
You hit Edmund but do no damage.
Edmund hits you with a +4 flail of draining!
You barely miss Edmund. You block Edmund's attack.
You hit Edmund but do no damage. Edmund hits you but does no damage.
Edmund misses you.
You hit Edmund but do no damage.
Edmund hits you with a +4 flail of draining.
You hit Edmund.
Edmund is lightly wounded.
Edmund hits you with a +4 flail of draining!
You hit Edmund but do no damage.
Edmund is lightly wounded.
Edmund hits you with a +4 flail of draining.
You closely miss Edmund.
Edmund is lightly wounded.
Edmund closely misses you.
You closely miss Edmund.
Edmund is lightly wounded.
Edmund hits you with a +4 flail of draining.
Edmund barely misses you.
You barely miss Edmund.
Edmund is lightly wounded.
Edmund hits you with a +4 flail of draining!
You hit Edmund.
Edmund is lightly wounded.
Edmund hits you with a +4 flail of draining.
You barely miss Edmund.
Edmund is lightly wounded.
Edmund hits you with a +4 flail of draining.
You die...

...##..## ..# ..#
#......# #.####..#### #.
#.%##..###..........##..
.<......................
.......#................
##.#..####........$.....
##.#..### . ...........
##......### #.........
##.....[%%#####.@@...#
##......%.........#.##
##......%.#..####.....
#......#####....#......
...###.# ###..........
.....#.# ..........
.....#.# ###......
.....#.# ...... ........


You could see Edmund.

Vanquished Creatures
  A phantom (D:4)
  3 scorpions
  A howler monkey (D:4)
  A jelly (D:4)
  An iguana (D:3)
  8 adders
  An ufetubus (D:4)
  A worm (D:2)
  4 dart slugs
  6 orcs
  5 ball pythons
  9 endoplasms
  3 giant cockroaches
  2 hobgoblins
  12 jackals
  10 kobolds
  3 quokkas (D:3)
  4 bats
  3 frilled lizards (D:2)
  8 rats
86 creatures vanquished.

Notes
Turn   | Place    | Note
-------+----------+-------------------------------------------
     0 | D:1      | qw the Gargoyle Fighter began the quest for the Orb.
     0 | D:1      | Reached XP level 1. HP: 14/14 MP: 1/1
     0 | D:1      | 0 ||| qw: Version: 0.2-a-107-g4668610
     0 | D:1      | 0 ||| qw: Game counter: 1279
     0 | D:1      | 0 ||| qw: Always use a shield: true
     0 | D:1      | 0 ||| qw: God list: Okawaru
     0 | D:1      | 0 ||| qw: Allow faded altars: false
     0 | D:1      | 0 ||| qw: Do Orc after D:15 true
     0 | D:1      | 0 ||| qw: Do second Lair branch before Depths: true
     0 | D:1      | 0 ||| qw: Lair rune preference: random
     0 | D:1      | 0 ||| qw: Plans: Normal, Zot:1-4, Slime:5, God:TSO, Crypt,
                  | Tomb, Abyss, Pan, Hells, Win
     0 | D:1      | 0 ||| PLANNING D:1-11
     9 | D:1      | 9 ||| Stepping ~*~*~tactically~*~*~ (hiding).
    17 | D:1      | Reached skill level 2 in Axes
   129 | D:1      | Reached XP level 2. HP: 19/19 MP: 2/2
   391 | D:1      | 391 ||| Stepping ~*~*~tactically~*~*~ (hiding).
   392 | D:1      | 392 ||| Stepping ~*~*~tactically~*~*~ (hiding).
   393 | D:1      | 393 ||| Stepping ~*~*~tactically~*~*~ (hiding).
   394 | D:1      | 394 ||| Stepping ~*~*~tactically~*~*~ (hiding).
   395 | D:1      | 395 ||| Stepping ~*~*~tactically~*~*~ (hiding).
   396 | D:1      | 396 ||| Stepping ~*~*~tactically~*~*~ (hiding).
   709 | D:1      | 709 ||| UPGRADING to amulet of the acrobat.
   714 | D:1      | 714 ||| READING scroll labelled PALEDDUJEST.
   715 | D:1      | 715 ||| READING scroll labelled MOILOSM UGUWA.
   716 | D:1      | 716 ||| READING 2 scrolls labelled BEHEBI YSSOIGI.
   717 | D:1      | 717 ||| READING scroll labelled CEES ZAHESOROMM.
   718 | D:1      | 718 ||| READING scroll labelled XIJIDGHE XUECHUKE.
   719 | D:1      | 719 ||| DRINKING 2 brown potions.
   720 | D:1      | 720 ||| DROPPING scroll of immolation.
   828 | D:2      | Reached skill level 3 in Axes
   828 | D:2      | Reached XP level 3. HP: 23/23 MP: 3/3
  1098 | D:2      | Found a runed translucent door.
  1099 | D:2      | Noticed Crazy Yiuf
  1465 | D:2      | 1465 ||| READING scroll labelled MUPLARUWNU.
  1581 | D:3      | 1581 ||| PLANNING SEWER
  1644 | D:3      | Reached XP level 4. HP: 28/28 MP: 4/4
  1828 | D:3      | Reached skill level 4 in Axes
  1968 | D:3      | 1968 ||| Stepping ~*~*~tactically~*~*~ (hiding).
  1970 | D:3      | 1970 ||| Stepping ~*~*~tactically~*~*~ (hiding).
  2023 | D:3      | Noticed a scorpion
  2030 | D:3      | Killed a scorpion
  2031 | D:3      | Reached XP level 5. HP: 32/32 MP: 5/5
  2166 | D:3      | Reached skill level 5 in Axes
  2204 | D:3      | 2204 ||| RIP SEWER
  2281 | D:3      | 2281 ||| PLANNING D:1-11
  2485 | D:3      | 2485 ||| UPGRADING to ring of protection from cold.
  2486 | D:3      | 2486 ||| DRINKING 3 lumpy golden potions.
  2527 | D:4      | Reached XP level 6. HP: 39/39 MP: 6/6
  2529 | D:4      | 2529 ||| Stepping ~*~*~tactically~*~*~ (stealth).
  2562 | D:4      | Reached skill level 1 in Dodging
  2632 | D:4      | 2632 ||| Stepping ~*~*~tactically~*~*~ (stealth).
  2653 | D:4      | Reached XP level 7. HP: 26/44 MP: 7/7
  2693 | D:4      | 2693 ||| FLEEEEING.
  2694 | D:4      | 2694 ||| FLEEEEING.
  2695 | D:4      | 2695 ||| FLEEEEING.
  2696 | D:4      | 2696 ||| FLEEEEING.
  2698 | D:4      | 2698 ||| FLEEEEING.
  2701 | D:4      | 2701 ||| STAIRDANCE
  2718 | D:4      | 2718 ||| STAIRDANCE
  2813 | D:4      | Noticed Duvessa
  2816 | D:4      | Noticed Dowan
  2818 | D:4      | 2818 ||| Stepping ~*~*~tactically~*~*~ (hiding).
  2824 | D:4      | Noticed Edmund
  2830 | D:4      | HP: 8/44 [acid (8)]
  2831 | D:4      | 2831 ||| READING scroll of teleportation.
  2831 | D:4      | HP: 2/44 [Edmund/+4 flail of draining (6)]
  2832 | D:4      | 2832 ||| DRINKING potion of heal wounds.
  2834 | D:4      | Reached skill level 6 in Axes
  2836 | D:4      | 2836 ||| Stepping ~*~*~tactically~*~*~ (stealth).
  2837 | D:4      | 2837 ||| FLEEEEING.
  2838 | D:4      | 2838 ||| FLEEEEING.
  2839 | D:4      | 2839 ||| FLEEEEING.
  2840 | D:4      | 2840 ||| FLEEEEING.
  2841 | D:4      | 2841 ||| FLEEEEING.
  2842 | D:4      | 2842 ||| FLEEEEING.
  2843 | D:4      | 2843 ||| FLEEEEING.
  2844 | D:4      | 2844 ||| FLEEEEING.
  2853 | D:4      | 2853 ||| STAIRDANCE
  2938 | D:4      | 2938 ||| Stepping ~*~*~tactically~*~*~ (stealth).
  2939 | D:4      | 2939 ||| Stepping ~*~*~tactically~*~*~ (stealth).
  2950 | D:4      | HP: 8/44 [Edmund/+4 flail of draining (9)]
  2951 | D:4      | HP: 3/44 [Edmund/+4 flail of draining (6)]
  2952 | D:4      | Slain by Edmund

Levels and vault maps discovered:
D:1:      amcnicky_arrival_blooded_trapdoor, layout_basic
D:2:      layout_basic, uniq_crazy_yiuf_cottage
D:3:      layout_loops_ring, gup_sewer_entry_bubbles,
          hangedman_abyss_or_decor_stabs
D:4:      layout_rooms, minmay_shop_mass, chequers_serial_rivers_micro_d,
          serial_bayou_pond_e, uniq_duvessa, uniq_edmund

Skill      XL: |  1  2  3  4  5  6  7 |
---------------+----------------------+-----
Axes           | 2 3 4 5 6 |  6.0
Fighting       | 4 |  4.5
Dodging        | 1 |  1.6
Armour         | |  3.2
Shields        | |  3.2

Action                     |  1- 3 |  4- 6 |  7- 9 || total
---------------------------+-------+-------+-------++-------
  Melee: War axe           |    83 |   146 |    48 ||   277
    Use: Scroll            |     6 |       |     1 ||     7
         Potion            |     1 |     1 |     1 ||     3
 Armour: Scale mail        |    36 |    86 |    29 ||   151
  Dodge: Dodged            |    51 |    63 |    26 ||   140
  Block: Buckler           |    15 |    31 |    16 ||    62

Table legend:
 A = Non-vault XP
 B = Vault XP
 C = Vault XP percentage of total XP
 D = Non-vault monster count
 E = Vault monster count
 F = Vault count percentage of total count
                 A         B        C        D         E       F
            +---------+---------+-------+---------+---------+-------
      Total |     705 |      32 |   4.3 |      80 |       6 |   7.0
            +---------+---------+-------+---------+---------+-------
        D:1 |      24 |       0 |   0.0 |      13 |       0 |   0.0
        D:2 |      51 |       0 |   0.0 |      16 |       0 |   0.0
        D:3 |     194 |      32 |  14.2 |      31 |       6 |  16.2
        D:4 |     436 |       0 |   0.0 |      20 |       0 |   0.0
            +---------+---------+-------+---------+---------+-------
